 Dungeon Crawl Stone Soup version 0.31-a0-237-g2d982f9f85 (webtiles) character file.

Game seed: 9280861305744806983

11387 qw the Marksminotaur (level 11, 0/99 HPs)
             Began as a Minotaur Hexslinger on July 11, 2023.
             Was an Elder of Okawaru.
             Slain by a yak (13 damage)
             ... on level 2 of the Lair of Beasts.
             The game lasted 00:05:28 (8853 turns).

qw the Marksminotaur (Minotaur Hexslinger)          Turns: 8853, Time: 00:05:28

Health: 0/99       AC:  8    Str: 13    XL:     11   Next: 48%
Magic:  11/13      EV: 18    Int: 10    God:    Okawaru [****..]
Gold:   457        SH:  0    Dex: 17    Spells: 11/12 levels left

rFire   . . .        Y - +0 orcbow (flame)
rCold   . . .        (shield currently unavailable)
rNeg    + . .        o - +2 leather armour {rN+}
rPois   .            (helmet restricted)
rElec   .            (no cloak)
rCorr   .            c - +0 pair of gloves
SInv    .            a - +0 pair of boots
Will    +....        d - amulet of regeneration
Stlth   +++          j - ring of willpower
HPRegen 1.16/turn    (no ring)
MPRegen 0.13/turn

%: no passive effects
@: heroic
A: horns 2, retaliatory headbutt
a: Renounce Religion, Heroism, Finesse


You were on level 2 of the Lair of Beasts.
You worshipped Okawaru.
Okawaru was greatly pleased with you.
You visited 3 branches of the dungeon, and saw 12 of its levels.

You collected 709 gold pieces.
You spent 252 gold pieces at shops.


Innate Abilities, Weirdness & Mutations

You have a pair of horns on your head.
You reflexively headbutt those who attack you in melee.


   Skills:
 - Level 10.1(15.1) Fighting
 + Level 15.3(20.3) Ranged Weapons
 - Level 3.0(8.0) Armour
 - Level 7.1(12.1) Dodging
 - Level 1.0 Spellcasting
 - Level 2.0 Hexes
 + Level 4.4 Invocations


You had 11 spell levels left.
You knew the following spells:

 Your Spells              Type           Power      Damage    Failure   Level
a - Slow                  Hex            16%        N/A       19%         1

Your spell library contained the following spells:

 Spells                   Type           Power      Damage    Failure   Level
 Inner Flame              Hex/Fire       2%         N/A       63%         3
 Portal Projectile        Hex/Tloc       4%         N/A       63%         3
 Cause Fear               Hex            2%         N/A       88%         4

Inventory:

Hand Weapons
 Y - a +0 orcbow of flaming (weapon)
Armour
 a - a +0 pair of boots (worn)
 c - a +0 pair of gloves (worn)
 f - +0 steam dragon scales
 o - a +2 leather armour of positive energy (worn)
Jewellery
 d - an amulet of regeneration (around neck)
 j - a ring of willpower (left hand)
Wands
 i - a wand of digging (4)
Scrolls
 k - 6 scrolls of identify
Potions
 b - 2 potions of haste
 g - a potion of curing
 h - 2 potions of might
 l - a potion of enlightenment
 m - a potion of resistance

Dungeon Overview and Level Annotations

Branches:
Dungeon (9/15)             Temple (1/1) D:6            Lair (2/5) D:9
  Swamp: Lair:2-3    Shoals: Lair:2-3     Snake: Lair:2-3    Spider: Lair:2-3
    Orc: D:9-12

Altars:
Ashenzari
Cheibriados
Dithmenos
Elyvilon
Fedhas
Gozag
Hepliaklqana
Kikubaaqudgha
Makhleb
Nemelex Xobeh
Okawaru
Qazlal
Ru
Sif Muna
Trog
Vehumet
Wu Jian
Xom
Yredelemnul
Zin
The Shining One

Shops:
D:2 *   D:5 [


Message History

The arrow burns the water moccasin.
You kill the water moccasin!
Okawaru accepts your kill.
You can now speed up your combat.
You shoot an arrow. The arrow hits the yak!
The arrow burns the yak.
The yak is severely wounded.
You shoot an arrow. The arrow hits the yak!
The arrow burns the yak.
You kill the yak!
Okawaru accepts your kill. The yak gores you! The yak gores you.
You shoot an arrow. The arrow hits the yak.
The arrow burns the yak.
The yak is lightly wounded.
The yak gores you! The yak closely misses you.
You shoot an arrow. The arrow hits the yak!
The arrow burns the yak.
The yak is heavily wounded.
You shoot an arrow. The arrow hits the yak.
The arrow burns the yak.
The yak is heavily wounded.
The yak misses you. The yak gores you! The yak misses you.
8848 ||| INVOKING Heroism.
You gain the combat prowess of a mighty hero.
The yak gores you! x2; The yak misses you.
You furiously retaliate!
You headbutt the yak. The yak closely misses you.
You shoot an arrow. The arrow hits the yak!
The arrow burns the yak.
The yak is severely wounded.
The yak closely misses you. The yak gores you!
The yak gores you but does no damage. The yak closely misses you.
You shoot an arrow.
The arrow hits the yak but does no damage.
The yak is severely wounded.
The yak gores you but does no damage. The yak closely misses you.
You furiously retaliate!
You headbutt the yak. The yak gores you. The yak gores you!
You shoot an arrow. The arrow hits the yak.
The arrow burns the yak.
You kill the yak!
Okawaru accepts your kill. The yak gores you but does no damage.
The yak gores you. The yak completely misses you. You furiously retaliate!
You headbutt the yak! You shoot an arrow. The arrow barely misses the yak.
You shoot an arrow. The arrow closely misses the yak.
The yak gores you! x2
You die...

..... ...... .
....%..## ..
.........######..#
..........).......
...............!.#
...........YYY.....#
............@...!..#
..................#
#................#
#....#.####.###.#
#######..##...#P.## #
##...~.~...........#
#..~~~~~~~.........#
##..~~~~~~~~........#
#.~~~~~~~~~~~..###.P#


You could see 3 yaks.

Vanquished Creatures
  Joseph (D:8)
  A cane toad (Lair:1)
  4 komodo dragons (Lair:1)
  A rime drake (Lair:1)
  A polar bear (Lair:2)
  3 blink frogs (Lair:1)
  Sigmund (D:3)
  2 wyverns
  23 yaks
  3 steam dragons
  7 water moccasins
  Duvessa (D:5)
  2 ice beasts
  4 sky beasts
  3 black bears
  6 wolves (Lair:1)
  6 bullfrogs
  2 kobold brigands
  A gnoll sergeant (D:9)
  7 scorpions
  Dowan (D:5)
  An electric eel (D:6)
  5 howler monkeys
  3 hounds
  2 jellies (D:6)
  4 orc priests
  An iguana (D:3)
  6 sleepcaps
  21 orc wizards
  9 adders
  3 white imps
  2 ufetubi
  A dart slug (D:1)
  25 orcs
  9 endoplasms
  8 giant cockroaches
  4 goblins
  6 hobgoblins
  6 jackals
  9 quokkas
  8 ball pythons
  3 bats
  2 frilled lizards (D:1)
  22 kobolds
  A rat (D:2)
241 creatures vanquished.

Vanquished Creatures (others)
  A centaur (D:7)
1 creature vanquished.

Grand Total: 242 creatures vanquished

Notes
Turn   | Place    | Note
-------+----------+-------------------------------------------
     0 | D:1      | qw the Minotaur Hexslinger began the quest for the Orb.
     0 | D:1      | Reached XP level 1. HP: 16/16 MP: 1/1
     0 | D:1      | 0 ||| qw: Version: 0.3-a-52-g30416fa
     0 | D:1      | 0 ||| qw: Game counter: 5731
     0 | D:1      | 0 ||| qw: Melee chars always use a shield: true
     0 | D:1      | 0 ||| qw: God list: Okawaru
     0 | D:1      | 0 ||| qw: Allow faded altars: false
     0 | D:1      | 0 ||| qw: Do Orc after clearing Dungeon:15 true
     0 | D:1      | 0 ||| qw: Do second Lair branch before Depths: true
     0 | D:1      | 0 ||| qw: Lair rune preference: random
     0 | D:1      | 0 ||| qw: Goals: Normal
     0 | D:1      | 0 ||| PLANNING D:1-11
    64 | D:1      | 64 ||| FLEEEEING.
    65 | D:1      | 65 ||| FLEEEEING.
   141 | D:1      | Reached skill level 3 in Ranged Weapons
   144 | D:1      | Reached XP level 2. HP: 23/23 MP: 2/2
   602 | D:1      | 602 ||| Stepping ~*~*~tactically~*~*~ (outnumbered).
   654 | D:1      | Reached XP level 3. HP: 29/29 MP: 3/3
   658 | D:1      | Found a faded altar of an unknown god.
   854 | D:1      | 854 ||| UPGRADING to amulet of regeneration.
   859 | D:1      | 859 ||| READING scroll labelled FOEFOE ULEM.
   860 | D:1      | 860 ||| READING scroll labelled EVAECE FAIRI.
   863 | D:1      | 863 ||| DROPPING scroll of poison.
  1039 | D:2      | Reached skill level 4 in Ranged Weapons
  1090 | D:2      | Reached XP level 4. HP: 36/36 MP: 4/4
  1406 | D:2      | Found Host's General Store.
  1410 | D:2      | 1410 ||| BUYING potion of heal wounds (60 gold).
  1410 | D:2      | Bought a potion of heal wounds for 60 gold pieces
  1633 | D:2      | 1633 ||| UPGRADING to +0 ring mail.
  1643 | D:2      | 1643 ||| DROPPING +0 robe.
  1644 | D:2      | 1644 ||| READING scroll labelled ARAFRU KOAP.
  1645 | D:2      | 1645 ||| READING scroll labelled GIUSUMP DUEMN.
  1646 | D:2      | 1646 ||| READING 3 scrolls labelled ACEZ MUSOAPNASARA.
  1647 | D:2      | 1647 ||| READING 2 scrolls of identify.
  1647 | D:2      | 1647 ||| IDENTIFYING viscous grey potion
  1705 | D:3      | Reached skill level 1 in Armour
  1732 | D:3      | HP: 9/36 [ball python (2)]
  1733 | D:3      | 1733 ||| DRINKING potion of heal wounds.
  1737 | D:3      | Reached skill level 5 in Ranged Weapons
  1781 | D:3      | Reached XP level 5. HP: 27/44 MP: 5/5
  1842 | D:3      | Reached skill level 3 in Fighting
  1845 | D:3      | Noticed Sigmund
  1867 | D:3      | HP: 11/45 [something (6)]
  1873 | D:3      | Killed Sigmund
  1874 | D:3      | Reached skill level 6 in Ranged Weapons
  1874 | D:3      | Reached XP level 6. HP: 14/51 MP: 6/6
  2280 | D:3      | 2280 ||| READING scroll labelled LAFORIETHOH.
  2280 | D:3      | Identified a scroll of acquirement
  2280 | D:3      | 2280 ||| ACQUIRING +0 orcbow of draining
  2280 | D:3      | Acquired a +0 orcbow of draining
  2282 | D:3      | 2282 ||| SWAPPING to +0 orcbow of draining.
  2283 | D:3      | 2283 ||| DROPPING +2 sling.
  2881 | D:4      | 2881 ||| READING scroll labelled XEPODI ADEKH.
  2882 | D:4      | 2882 ||| DRINKING 2 golden potions.
  2883 | D:4      | 2883 ||| READING 4 scrolls of identify.
  2883 | D:4      | 2883 ||| IDENTIFYING bubbling yellow potion
  2884 | D:4      | 2884 ||| READING 3 scrolls of identify.
  2884 | D:4      | 2884 ||| IDENTIFYING coppery potion
  2885 | D:4      | 2885 ||| READING 2 scrolls of identify.
  2885 | D:4      | 2885 ||| IDENTIFYING sapphire potion
  2886 | D:4      | 2886 ||| DROPPING potion of degeneration.
  2887 | D:4      | 2887 ||| DROPPING potion of ambrosia.
  2888 | D:4      | 2888 ||| DROPPING potion of magic.
  2906 | D:5      | Entered Level 5 of the Dungeon
  3276 | D:5      | Found a glowing golden altar of the Shining One.
  3276 | D:5      | Found a glowing silver altar of Zin.
  3277 | D:5      | Found a basalt altar of Yredelemnul.
  3358 | D:5      | Reached skill level 7 in Ranged Weapons
  3374 | D:5      | Noticed an ice beast
  3381 | D:5      | Killed an ice beast
  3382 | D:5      | Reached XP level 7. HP: 51/59 MP: 7/7
  3397 | D:5      | Noticed Duvessa
  3398 | D:5      | Noticed Dowan
  3408 | D:5      | Killed Duvessa
  3409 | D:5      | Reached skill level 8 in Ranged Weapons
  3414 | D:5      | Killed Dowan
  3688 | D:5      | Found Ojatas's Armour Shop.
  3698 | D:5      | 3698 ||| BUYING +2 leather armour of positive energy (192
                  | gold).
  3698 | D:5      | Bought a +2 leather armour of positive energy for 192 gold
                  | pieces
  3860 | D:5      | 3860 ||| UPGRADING to +0 pair of gloves.
  3865 | D:5      | 3865 ||| UPGRADING to +2 leather armour of positive energy.
  3875 | D:5      | 3875 ||| DROPPING +0 ring mail.
  3876 | D:5      | 3876 ||| DROPPING +6 ring of intelligence.
  3877 | D:5      | 3877 ||| READING 2 scrolls of identify.
  3877 | D:5      | 3877 ||| IDENTIFYING metallic sapphire potion
  3878 | D:5      | 3878 ||| DROPPING potion of berserk rage.
  3990 | D:6      | Reached skill level 3 in Dodging
  3998 | D:6      | 3998 ||| FLEEEEING.
  3999 | D:6      | 3999 ||| FLEEEEING.
  4001 | D:6      | 4001 ||| FLEEEEING.
  4002 | D:6      | 4002 ||| FLEEEEING.
  4003 | D:6      | 4003 ||| FLEEEEING.
  4095 | D:6      | 4095 ||| Invisibility monster not found???
  4144 | D:6      | 4144 ||| FLEEEEING.
  4145 | D:6      | 4145 ||| FLEEEEING.
  4146 | D:6      | 4146 ||| FLEEEEING.
  4147 | D:6      | 4147 ||| FLEEEEING.
  4148 | D:6      | 4148 ||| FLEEEEING.
  4149 | D:6      | 4149 ||| FLEEEEING.
  4149 | D:6      | HP: 13/61 [electric eel/bolt of electricity (8)]
  4150 | D:6      | 4150 ||| DRINKING 2 potions of heal wounds.
  4151 | D:6      | 4151 ||| FLEEEEING.
  4152 | D:6      | 4152 ||| FLEEEEING.
  4153 | D:6      | 4153 ||| FLEEEEING.
  4203 | D:6      | 4203 ||| FLEEEEING.
  4204 | D:6      | 4204 ||| FLEEEEING.
  4230 | D:6      | 4230 ||| FLEEEEING.
  4231 | D:6      | 4231 ||| FLEEEEING.
  4293 | D:6      | Found a staircase to the Ecumenical Temple.
  4294 | D:6      | 4294 ||| PLANNING TEMPLE
  4304 | D:6      | Reached XP level 8. HP: 68/68 MP: 8/8
  4306 | Temple   | Entered the Ecumenical Temple
  4307 | Temple   | 4307 ||| PLANNING OKAWARU WORSHIP
  4456 | Temple   | Became a worshipper of Warmaster Okawaru
  4457 | Temple   | 4457 ||| PLANNING D:1-11
  4493 | D:6      | Reached skill level 9 in Ranged Weapons
  4493 | D:6      | 4493 ||| FLEEEEING.
  4494 | D:6      | 4494 ||| Stepping ~*~*~tactically~*~*~ (outnumbered).
  4497 | D:6      | 4497 ||| Stepping ~*~*~tactically~*~*~ (outnumbered).
  4573 | D:6      | Reached skill level 6 in Fighting
  4575 | D:6      | 4575 ||| DRINKING potion of curing.
  4575 | D:6      | 4575 ||| (to cure confusion)
  4616 | D:6      | Reached * piety under Okawaru
  4621 | D:6      | 4621 ||| Stepping ~*~*~tactically~*~*~ (outnumbered).
  4641 | D:6      | 4641 ||| INVOKING Heroism.
  4646 | D:6      | Reached skill level 1 in Invocations
  4651 | D:6      | 4651 ||| Stepping ~*~*~tactically~*~*~ (outnumbered).
  4655 | D:6      | 4655 ||| INVOKING Heroism.
  4658 | D:6      | Reached skill level 10 in Ranged Weapons
  4818 | D:6      | Identified the orb of the Dragon {mayhem, Str+2}
  5183 | D:6      | 5183 ||| UPGRADING to +0 pair of boots.
  5188 | D:6      | 5188 ||| DRINKING 2 sedimented golden potions.
  5216 | D:6      | 5216 ||| READING 2 scrolls of identify.
  5216 | D:6      | 5216 ||| IDENTIFYING viscous inky potion
  5217 | D:6      | 5217 ||| DROPPING potion of attraction.
  5218 | D:6      | 5218 ||| DROPPING potion of lignification.
  5300 | D:7      | Reached XP level 9. HP: 79/79 MP: 9/9
  5316 | D:7      | 5316 ||| Stepping randomly (disturbance).
  5317 | D:7      | 5317 ||| Stepping randomly (disturbance).
  5318 | D:7      | 5318 ||| Stepping randomly (disturbance).
  5319 | D:7      | 5319 ||| Stepping randomly (disturbance).
  5320 | D:7      | 5320 ||| Stepping randomly (disturbance).
  5421 | D:7      | 5421 ||| INVOKING Heroism.
  5431 | D:7      | Reached skill level 3 in Invocations
  5514 | D:7      | You fall into a shaft and drop 1 floor!
  5739 | D:8      | 5739 ||| READING scroll labelled ENEICE AHEADEO.
  5740 | D:8      | 5740 ||| READING scroll labelled JOACLIU GEHU.
  5741 | D:8      | 5741 ||| READING scroll labelled ZICLOV RYUTTEM.
  5742 | D:8      | 5742 ||| READING 2 scrolls of identify.
  5742 | D:8      | 5742 ||| IDENTIFYING red potion
  5743 | D:8      | 5743 ||| DROPPING potion of invisibility.
  5825 | D:7      | 5825 ||| INVOKING Heroism.
  5827 | D:7      | 5827 ||| Stepping ~*~*~tactically~*~*~ (cloud).
  5840 | D:7      | 5840 ||| INVOKING Heroism.
  5849 | D:7      | Reached skill level 11 in Ranged Weapons
  5892 | D:7      | 5892 ||| INVOKING Heroism.
  6456 | D:7      | 6456 ||| DROPPING ring of wizardry.
  6457 | D:7      | 6457 ||| READING scroll labelled RIMUNKOICI.
  6558 | D:7      | 6558 ||| READING 2 scrolls of identify.
  6558 | D:7      | 6558 ||| IDENTIFYING emerald potion
  6639 | D:8      | Noticed Joseph
  6641 | D:8      | 6641 ||| FLEEEEING.
  6644 | D:8      | 6644 ||| FLEEEEING.
  6645 | D:8      | 6645 ||| FLEEEEING.
  6646 | D:8      | 6646 ||| FLEEEEING.
  6647 | D:8      | 6647 ||| FLEEEEING.
  6648 | D:8      | 6648 ||| FLEEEEING.
  6651 | D:8      | 6651 ||| FLEEEEING.
  6662 | D:8      | 6662 ||| INVOKING Heroism.
  6666 | D:8      | HP: 16/79 [Joseph/+0 quarterstaff (17)]
  6667 | D:8      | 6667 ||| READING 2 scrolls of teleportation.
  6668 | D:8      | 6668 ||| DRINKING 2 potions of heal wounds.
  6672 | D:8      | HP: 11/79 [Joseph/+0 quarterstaff (10)]
  6673 | D:8      | 6673 ||| DRINKING potion of heal wounds.
  6744 | D:8      | 6744 ||| INVOKING Heroism.
  6748 | D:8      | Reached skill level 12 in Ranged Weapons
  6759 | D:8      | Reached ** piety under Okawaru
  6763 | D:8      | Reached XP level 10. HP: 36/88 MP: 10/12
  7114 | D:8      | 7114 ||| FLEEEEING.
  7115 | D:8      | 7115 ||| FLEEEEING.
  7117 | D:8      | 7117 ||| FLEEEEING.
  7124 | D:8      | 7124 ||| FLEEEEING.
  7129 | D:8      | 7129 ||| STAIRDANCE
  7138 | D:7      | 7138 ||| READING 3 scrolls labelled AJU FYIROURCHIGIPN.
  7139 | D:7      | 7139 ||| DRINKING 2 murky black potions.
  7140 | D:7      | 7140 ||| DROPPING 2 scrolls of immolation.
  7150 | D:8      | Killed Joseph
  7325 | D:9      | 7325 ||| INVOKING Heroism.
  7334 | D:9      | Reached skill level 13 in Ranged Weapons
  7359 | D:9      | Found a staircase to the Lair.
  7374 | D:9      | 7374 ||| INVOKING Heroism.
  7379 | D:9      | Reached skill level 9 in Fighting
  7386 | D:9      | Reached *** piety under Okawaru
  7390 | D:9      | HP: 22/91 [gnoll sergeant/+0 spear (10)]
  7391 | D:9      | 7391 ||| READING scroll of teleportation.
  7400 | D:9      | Reached skill level 6 in Dodging
  7402 | D:9      | 7402 ||| INVOKING Heroism.
  7411 | D:9      | 7411 ||| PLANNING LAIR
  7413 | D:9      | 7413 ||| PLANNING LAIR
  7417 | D:9      | 7417 ||| INVOKING Heroism.
  7426 | D:9      | 7426 ||| FLEEEEING.
  7427 | D:9      | 7427 ||| FLEEEEING.
  7428 | D:9      | 7428 ||| FLEEEEING.
  7432 | D:9      | 7432 ||| Stepping randomly (disturbance).
  7453 | D:9      | Reached skill level 3 in Armour
  7488 | Lair:1   | Entered Level 1 of the Lair of Beasts
  7620 | Lair:1   | 7620 ||| INVOKING Heroism.
  7623 | Lair:1   | 7623 ||| PLANNING LAIR
  7652 | Lair:1   | 7652 ||| INVOKING Heroism.
  7657 | Lair:1   | HP: 19/91 [komodo dragon (20)]
  7678 | Lair:1   | 7678 ||| INVOKING Heroism.
  7682 | Lair:1   | Reached skill level 14 in Ranged Weapons
  7803 | Lair:1   | 7803 ||| Stepping ~*~*~tactically~*~*~ (outnumbered).
  7819 | Lair:1   | 7819 ||| INVOKING Heroism.
  7885 | Lair:1   | 7885 ||| INVOKING Heroism.
  7933 | Lair:1   | Reached XP level 11. HP: 93/99 MP: 13/13
  7947 | Lair:1   | 7947 ||| INVOKING Heroism.
  7958 | Lair:1   | Received a gift from Okawaru
  7969 | Lair:1   | 7969 ||| FLEEEEING.
  7970 | Lair:1   | 7970 ||| FLEEEEING.
  7971 | Lair:1   | 7971 ||| FLEEEEING.
  7972 | Lair:1   | 7972 ||| FLEEEEING.
  7973 | Lair:1   | 7973 ||| FLEEEEING.
  7974 | Lair:1   | 7974 ||| FLEEEEING.
  7975 | Lair:1   | 7975 ||| FLEEEEING.
  7976 | Lair:1   | 7976 ||| FLEEEEING.
  7977 | Lair:1   | 7977 ||| FLEEEEING.
  7978 | Lair:1   | 7978 ||| FLEEEEING.
  7979 | Lair:1   | 7979 ||| FLEEEEING.
  7980 | Lair:1   | 7980 ||| FLEEEEING.
  7981 | Lair:1   | 7981 ||| FLEEEEING.
  7982 | Lair:1   | 7982 ||| FLEEEEING.
  7983 | Lair:1   | 7983 ||| FLEEEEING.
  7984 | Lair:1   | 7984 ||| FLEEEEING.
  7985 | Lair:1   | 7985 ||| FLEEEEING.
  7986 | Lair:1   | 7986 ||| FLEEEEING.
  7987 | Lair:1   | 7987 ||| FLEEEEING.
  7988 | Lair:1   | 7988 ||| FLEEEEING.
  7989 | Lair:1   | 7989 ||| FLEEEEING.
  7990 | Lair:1   | 7990 ||| FLEEEEING.
  7991 | Lair:1   | 7991 ||| FLEEEEING.
  7992 | Lair:1   | 7992 ||| FLEEEEING.
  7993 | Lair:1   | 7993 ||| FLEEEEING.
  7994 | Lair:1   | 7994 ||| FLEEEEING.
  7995 | Lair:1   | 7995 ||| FLEEEEING.
  7996 | Lair:1   | 7996 ||| FLEEEEING.
  7997 | Lair:1   | 7997 ||| FLEEEEING.
  7998 | Lair:1   | 7998 ||| FLEEEEING.
  7999 | Lair:1   | 7999 ||| FLEEEEING.
  8000 | Lair:1   | 8000 ||| INVOKING Heroism.
  8012 | Lair:1   | HP: 22/99 [komodo dragon (14)]
  8013 | Lair:1   | 8013 ||| READING scroll of teleportation.
  8013 | Lair:1   | HP: 6/99 [komodo dragon (17)]
  8014 | Lair:1   | 8014 ||| DRINKING potion of heal wounds.
  8130 | Lair:1   | 8130 ||| INVOKING Heroism.
  8272 | Lair:1   | Reached skill level 15 in Ranged Weapons
  8338 | Lair:1   | 8338 ||| FLEEEEING.
  8339 | Lair:1   | 8339 ||| FLEEEEING.
  8343 | Lair:1   | Reached **** piety under Okawaru
  8359 | Lair:1   | 8359 ||| INVOKING Heroism.
  8773 | Lair:1   | 8773 ||| UPGRADING to ring of willpower.
  8774 | Lair:1   | 8774 ||| READING scroll labelled DYS HIEC ANKO.
  8805 | Lair:2   | 8805 ||| INVOKING Heroism.
  8848 | Lair:2   | 8848 ||| INVOKING Heroism.
  8850 | Lair:2   | HP: 23/99 [yak (12)]
  8853 | Lair:2   | Slain by a yak

Levels and vault maps discovered:
D:1:      dpeg_arrival_signposts, layout_loops_ring,
          hellmonk_ecumenical_altar_arch_garden
D:2:      layout_basic, serial_shops, nicolae_shop_pleasant_corner_grove
D:3:      layout_rooms, chequers_serial_rivers_micro_c, st_stairs_1,
          uniq_crazy_yiuf_cottage, uniq_sigmund
D:4:      layout_basic
D:5:      layout_basic, gammafunk_temple_overflow_claw, serial_shops,
          nicolae_shop_stone, uniq_duvessa
D:6:      minmay_flawed_box, layout_loops_ring,
          minmay_temple_entry_statues_fountains, nicolae_water_bricks
D:7:      layout_basic, hangedman_misty_isle
D:8:      layout_cave_pods, serial_rivers, chequers_serial_rivers_small_a,
          chequers_serial_rivers_micro_c, chequers_serial_rivers_micro_a,
          chequers_serial_rivers_micro_b, chequers_serial_rivers_marsh,
          uniq_joseph
D:9:      layout_basic, lemuel_doored_altar, due_lair_maze_entry_diamond,
          orc_0_dummy, serial_shops, shop, uniq_grum
Temple:   regret_index_temple_chain_breaker
Lair:1:   layout_cave_pods, st_stairs_12, eino_small_chamber_without_monster,
          grunt_forest_stairs_basic
Lair:2:   layout_regular_city, nicolae_shoals_entry_flooding,
          guppyfry_snake_entry_garden, infiniplex_staircase_pool_2,
          grunt_megastairs_5

Skill      XL: |  1  2  3  4  5  6  7  8  9 10 11 |
---------------+----------------------------------+-----
Ranged Weapons | 3 4 5 6 7 8 10 12 14 15 | 15.3
Fighting       | 2 3 4 5 7 8 9 10 | 10.1
Armour         | 1 2 3 |  3.0
Dodging        | 3 4 5 6 7 |  7.1
Invocations    | 2 4 |  4.4
Spellcasting   | |  1.0
Hexes          | |  2.0

Action                     |  1- 3 |  4- 6 |  7- 9 | 10-12 || total
---------------------------+-------+-------+-------+-------++-------
   Fire: Sling             |   121 |   128 |       |       ||   249
         Orcbow            |       |    68 |   434 |   326 ||   828
 Invoke: Heroism           |       |       |     8 |    15 ||    23
    Use: Scroll            |     2 |     9 |     9 |     4 ||    24
         Potion            |       |     2 |     5 |     2 ||     9
 Armour: Robe              |     6 |       |       |       ||     6
         Ring mail         |       |    44 |     6 |       ||    50
         Leather armour    |       |       |    33 |    42 ||    75
  Dodge: Dodged            |    41 |    68 |    96 |   118 ||   323

Table legend:
 A = Non-vault XP
 B = Vault XP
 C = Vault XP percentage of total XP
 D = Non-vault monster count
 E = Vault monster count
 F = Vault count percentage of total count
                 A         B        C        D         E       F
            +---------+---------+-------+---------+---------+-------
      Total |   12207 |    4061 |  25.0 |     208 |      34 |  14.0
            +---------+---------+-------+---------+---------+-------
        D:1 |      41 |       0 |   0.0 |      23 |       0 |   0.0
        D:2 |      80 |       0 |   0.0 |      25 |       0 |   0.0
        D:3 |     160 |     225 |  58.4 |      24 |       2 |   7.7
        D:4 |      29 |       0 |   0.0 |      11 |       0 |   0.0
        D:5 |     370 |     209 |  36.1 |      10 |       2 |  16.7
        D:6 |    1253 |     320 |  20.3 |      24 |       9 |  27.3
        D:7 |     860 |     721 |  45.6 |      24 |       6 |  20.0
        D:8 |    1658 |     475 |  22.3 |      25 |       1 |   3.8
        D:9 |     242 |    1410 |  85.4 |       6 |      11 |  64.7
     Lair:1 |    6484 |     701 |   9.8 |      31 |       3 |   8.8
     Lair:2 |    1030 |       0 |   0.0 |       5 |       0 |   0.0
            +---------+---------+-------+---------+---------+-------
